 Dungeon Crawl Stone Soup version 0.30.1-3-gfc49f6343a (webtiles) character file.

Game seed: 11736164752657893995

109 arthad the Covered (level 4, -4/29 HPs)
             Began as a Gargoyle Fighter on July 21, 2023.
             Splashed by a jelly's acid (10 damage)
             ... on level 5 of the Dungeon.
             The game lasted 00:03:54 (1714 turns).

arthad the Covered (Gargoyle Fighter)               Turns: 1714, Time: 00:03:54

Health: -4/29      AC:  0    Str: 22    XL:     4   Next: 89%
Magic:  4/4        EV:  9    Int:  8    God:
Gold:   188        SH:  4    Dex:  9    Spells: 3/3 levels left

rFire   . . .        o - +1 whip (vamp)
rCold   . . .        c - +0 buckler
rNeg    + . .        b - +0 scale mail
rPois   ∞            u - +0 helmet
rElec   +            (no cloak)
rCorr   .            (no gloves)
SInv    .            (no boots)
Will    .....        (no amulet) Stlth
                     h - +4 ring of protection
HPRegen 0.24/turn    (no ring)
MPRegen 0.09/turn

%: no passive effects
@: corroded
A: sickness immunity, AC +3, negative energy resistance 1, electricity
resistance, torment resistance 1, petrification resistance
a: no special abilities


You were on level 5 of the Dungeon.
You visited 1 branch of the dungeon, and saw 4 of its levels.

You collected 188 gold pieces.

Inventory:

Hand Weapons
 a - a +0 flail
 o - a +1 vampiric whip (weapon)
 A - a +0 morningstar
Armour
 b - a +0 scale mail (worn)
 c - a +0 buckler (worn)
 u - a +0 helmet (worn)
Magical Staves
 y - a staff of cold
Jewellery
 h - a +4 ring of protection (left hand)
Scrolls
 e - a scroll of amnesia {unknown}
 f - 8 scrolls of identify {unknown}
 g - a scroll of blinking {unknown}
 j - 2 scrolls of enchant weapon {unknown}
 k - a scroll of summoning {unknown}
 l - a scroll of fear {unknown}
 m - a scroll of vulnerability {unknown}
 r - a scroll of fog {unknown}
 w - a scroll of enchant armour {unknown}
Potions
 d - a potion of might
 i - a potion of curing
 n - a potion of heal wounds {unknown}
 p - 2 potions of attraction {unknown}
 q - a potion of cancellation {unknown}
 s - a potion of mutation {unknown}
 t - 3 potions of brilliance {unknown}
 v - a potion of flight {unknown}
 x - a potion of invisibility {unknown}
 z - a potion of degeneration {unknown}


   Skills:
 + Level 4.0 Fighting
 + Level 3.0 Maces & Flails
 + Level 4.1 Armour
 + Level 4.1 Shields


You had 3 spell levels left.
You didn't know any spells.
Your spell library contained the following spells:

 Spells                   Type           Power      Damage    Failure   Level
 Magic Dart               Conj           0%         1d3       80%         1
 Sandblast                Erth           0%         2d4       80%         1
 Slow                     Hex            0%         N/A       80%         1
 Call Imp                 Summ           0%         N/A       90%         2
 Passwall                 Tmut/Erth      0%         N/A       90%         2
 Searing Ray              Conj           0%         2d4       90%         2
 Confusing Touch          Hex            0%         N/A       99%         3
 Dazzling Flash           Conj/Hex       0%         N/A       99%         3
 Inner Flame              Hex/Fire       0%         N/A       99%         3
 Stone Arrow              Conj/Erth      0%         3d7       99%         3
 Vampiric Draining        Necr           0%         2d6       99%         3
 Fulminant Prism          Conj/Hex       0%         3d5       100%        4
 Metabolic Englaciation   Hex/Ice        0%         N/A       100%        5


Dungeon Overview and Level Annotations

Branches:
Dungeon (3/15)

Altars:


Innate Abilities, Weirdness & Mutations

You are immune to sickness and miasma.
Your stone body is resilient. (AC +3)
You are immune to poison.
You resist negative energy. (rN+)
You are resistant to electric shocks. (rElec)
You are resistant to unholy torment.
You are immune to petrification.


Message History

The jelly quivers.
A jelly is nearby!
The jelly hits you but does no damage.
You barely miss the jelly. The jelly hits you but does no damage.
You hit the jelly. The acid corrodes you!
Your hands burn!
The jelly is moderately wounded.
The jelly completely misses you.
You hit the jelly.
You feel better.
Your hands burn!
The jelly is heavily wounded.
The jelly hits you. The acid corrodes you!
You are splashed with acid.
You hit the jelly.
Your hands burn!
The jelly is severely wounded.
The jelly hits you but does no damage.
You hit the jelly but do no damage. The acid corrodes you!
Your hands burn!
The jelly is severely wounded.
You are too injured to fight recklessly!
You are too injured to fight recklessly!
You are too injured to fight recklessly!
You are too injured to fight recklessly!
You are too injured to fight recklessly!
You are too injured to fight recklessly!
You are too injured to fight recklessly!
You are too injured to fight recklessly!
You are too injured to fight recklessly!
You are too injured to fight recklessly!
You are too injured to fight recklessly!
You hit the jelly.
You feel better. The acid corrodes you!
Your hands burn!
The jelly is almost dead.
The jelly hits you but does no damage.
You hit the jelly but do no damage. The acid corrodes you!
Your hands burn!
* * * LOW HITPOINT WARNING * * *
The jelly is almost dead.
The jelly barely misses you.
You hit the jelly but do no damage.
Your hands burn!
* * * LOW HITPOINT WARNING * * *
The jelly is almost dead.
The jelly hits you.
* * * LOW HITPOINT WARNING * * *
You are splashed with acid!
You die...

#... ...
##... ...
#.... ..#
#.!#.##.#
.......###
....... #
#.#.###.#
##.....#
#@#####......
#.J# .....
#... ....
#..## ..#
#..# .# #..#
# #... #...


You could see a jelly.

Vanquished Creatures
  An orc wizard (D:3)
  2 adders (D:2)
  2 dart slugs
  5 orcs (D:3)
  9 endoplasms
  3 giant cockroaches
  7 goblins
  6 hobgoblins
  3 jackals (D:1)
  3 kobolds
  2 quokkas
  2 ball pythons
  2 bats
  2 frilled lizards
  3 rats
52 creatures vanquished.

Notes
Turn   | Place    | Note
-------+----------+-------------------------------------------
     0 | D:1      | arthad the Gargoyle Fighter began the quest for the Orb.
     0 | D:1      | Reached XP level 1. HP: 14/14 MP: 1/1
    19 | D:1      | Got the Tome of the Insatiable Teeth
   113 | D:1      | Reached XP level 2. HP: 19/19 MP: 2/2
   452 | D:1      | Reached XP level 3. HP: 19/23 MP: 3/3
  1310 | D:2      | Reached XP level 4. HP: 29/29 MP: 4/4
  1702 | D:3      | You fall into a shaft and drop 2 floors!
  1702 | D:5      | Entered Level 5 of the Dungeon
  1714 | D:5      | Splashed by a jelly's acid

Illustrated notes

Levels and vault maps discovered:
D:1:      dpeg_arrival_refuge, layout_loops_ring, dk_noncrumbling_3,
          nicolae_figureground_pulse
D:2:      layout_loops_ring, minmay_pentomino_w2
D:3:      layout_rooms, mainiacjoe_overflow_boulevard,
          nicolae_overflow_hidden_temple, uniq_robin
D:5:      layout_loops_ring, minivault_23

Skill      XL: |  1  2  3  4 |
---------------+-------------+-----
Shields        | 4 |  4.1
Armour         | 4 |  4.1
Fighting       | 4 |  4.0
Maces & Flails | 3 |  3.0

Action                     |  1- 3 |  4- 6 || total
---------------------------+-------+-------++-------
  Melee: Flail             |    89 |       ||    89
         Whip              |    69 |    78 ||   147
    Use: Potion            |       |     1 ||     1
 Armour: Scale mail        |    88 |    70 ||   158
  Dodge: Dodged            |    60 |    48 ||   108
  Block: Buckler           |    34 |    26 ||    60
